 Dungeon Crawl Stone Soup version 0.32-a0-913-g739538a (webtiles) character file.

Game seed: 15577086227938221165

54 Dorkslayer the Trooper (level 3, 0/33 HPs)
             Began as a Mountain Dwarf Fighter on Apr 8, 2024.
             Succumbed to an adder's poison
             ... on level 2 of the Dungeon.
             The game lasted 00:02:10 (980 turns).

Dorkslayer the Trooper (Mountain Dwarf Fighter)      Turns: 980, Time: 00:02:11

Health: 0/33       AC:  6    Str: 20    XL:     3   Next: 66%
Magic:  12/12      EV:  8    Int:  8    God:
Gold:   68         SH:  4    Dex:  9    Spells: 2/2 levels left

rFire   . . .        a - +0 war axe
rCold   . . .        c - +0 buckler
rNeg    . . .        b - +0 scale mail
rPois   .            (no helmet)
rElec   .            (no cloak)
rCorr   .            (no gloves)
SInv    .            (no boots)
Will    .....        (no amulet) Stlth
                     g - ring of magical power
HPRegen 0.25/turn    (no ring)
MPRegen 0.13/turn

%: no passive effects
@: mighty, lethally poisoned (0 -> -3)
A: runic magic, artefact enchanting
a: no special abilities


You were on level 2 of the Dungeon.
You visited 1 branch of the dungeon, and saw 2 of its levels.

You collected 68 gold pieces.

Inventory:

Hand Weapons
 a - a +0 war axe (weapon)
Armour
 b - a +0 scale mail (worn)
 c - a +0 buckler (worn)
Jewellery
 g - a ring of magical power (left hand)
Scrolls
 f - a scroll of brand weapon {unknown}
 i - a scroll of enchant weapon {unknown}
 j - 2 scrolls of noise {unknown}
 k - a scroll of identify {unknown}
Potions
 e - a potion of heal wounds {unknown}
 h - a potion of enlightenment {unknown}


   Skills:
 + Level 3.7 Fighting
 + Level 3.3 Axes
 + Level 3.6 Armour
 * Level 1.0 Dodging
 + Level 3.5 Shields


You had 2 spell levels left.
You didn't know any spells.
Your spell library contained the following spells:

 Spells                   Type           Power      Damage    Failure   Level
 Animate Dead             Necr           0%         N/A       100%        4
 Borgnjor's Vile Clutch   Necr/Erth      0%         N/A       100%        5
 Death Channel            Necr           0%         N/A       100%        6


Dungeon Overview and Level Annotations

Branches:
Dungeon (2/15)

Altars:


Innate Abilities, Weirdness & Mutations

Your spellcasting is much less encumbered by armour.
You can use scrolls of enchantment on lesser artefacts.


Message History

You open the door.
Found a stone staircase leading down.
Found a scroll labelled BATAYJ ONEIRCHU.
There is an open door here.
A gnoll comes into view. It is wielding a +1 heavy spear.
The gnoll shouts!
You hear a shout!
A gnoll comes into view. It is wielding a +0 heavy spear.
The gnoll shouts!
A gnoll comes into view. It is wielding a +0 spear. x2
The gnoll shouts!
An adder comes into view.
The adder hisses angrily.
You see here a scroll labelled BATAYJ ONEIRCHU.
The gnoll hits you from afar with a +1 heavy spear!
There is an open door here.
The adder bites you but does no damage. The adder attacks as it pursues you!
The adder bites you but does no damage. The adder bites you but does no damage.
The adder attacks as it pursues you! The adder bites you but does no damage.
You feel very mighty all of a sudden. The adder bites you but does no damage.
You hit the adder.
The adder is heavily wounded.
The adder bites you but does no damage. x2
The gnoll hits you from afar with a +1 heavy spear!
You closely miss the adder.
The adder is heavily wounded.
The adder bites you.
You are poisoned.
The adder poisons you! The adder bites you but does no damage.
The gnoll hits you from afar with a +1 heavy spear.
You miss the adder.
The adder is heavily wounded.
You feel sick. The adder bites you but does no damage.
The adder barely misses you.
The gnoll hits you from afar with a +1 heavy spear!
* * * LOW HITPOINT WARNING * * *
You closely miss the adder.
The adder is heavily wounded.
You die...

######### ...... #......
#.......♣♣♣ ......##......
#......♣♣P♣P ..............
#.....♣♣..P♣ #...........
#.......♣P.P♣ #..........
#......P.P.P♣
#........##########.....♣♣.♣P♣♣♣#
#........#.ggggS@.'......♣♣.♣.♣..
#..>.....'.########.......♣♣♣♣###
#........### #...........###
#.......?# #..............
#............... #######........
###♣♣♣♣#........ #........
♣..g..... #........ .♣♣♣.....
#........ P ..... ##.######


You could see 4 gnolls and an adder.

Vanquished Creatures
  An adder (D:2)
  2 dart slugs (D:1)
  5 bats
  2 endoplasms
  A giant cockroach (D:1)
  2 goblins
  6 hobgoblins (D:1)
  4 jackals (D:1)
  2 quokkas
  3 ball pythons
  5 frilled lizards
  5 kobolds
  A rat (D:2)
39 creatures vanquished.

Notes
Turn   | Place    | Note
-------+----------+-------------------------------------------
     0 | D:1      | Dorkslayer the Mountain Dwarf Fighter began the quest for
                  | the Orb.
     0 | D:1      | Reached XP level 1. HP: 19/19 MP: 1/1
    85 | D:1      | Reached XP level 2. HP: 24/26 MP: 2/2
   246 | D:1      | Reached XP level 3. HP: 21/31 MP: 3/3
   335 | D:1      | Found a faded altar of an unknown god.
   811 | D:2      | Reached skill level 1 in Dodging
   979 | D:2      | HP: 1/33 [gnoll/+1 heavy spear (7)]
   980 | D:2      | Succumbed to an adder's poison

Illustrated notes

Levels and vault maps discovered:
D:1:      dpeg_arrival_solitude, layout_rooms, dreamdust_ecumenical_altar_grove
D:2:      layout_basic, serial_forest, infiniplex_forest_straight_4,
          infiniplex_forest_lined_2, infiniplex_forest_pool,
          infiniplex_forest_lined_2, infiniplex_forest_split,
          infiniplex_forest_clump_long, infiniplex_forest_clump_small,
          infiniplex_forest_end_2, infiniplex_forest_clump_cross,
          hangedman_decor_opposing, kennysheep_generic_room_6

Skill      XL: |  1  2  3 |
---------------+----------+-----
Axes           | 3 |  3.3
Dodging        | 1 |  1.0
Fighting       | |  3.7
Armour         | |  3.6
Shields        | |  3.5

Action                     || total
---------------------------++-------
  Melee: War axe           ||   111
    Use: Potion            ||     1
 Armour: Scale mail        ||   113
  Dodge: Dodged            ||    63
  Block: Buckler           ||    28

Table legend: (Time is in decaauts)
 A = Elapsed time spent in this place.
 B = Non-inter-level travel time spent in this place.
 C = Inter-level travel time spent in this place.
 D = Time resting spent in this place.
 E = Time spent auto-exploring this place.
 F = Levels seen in this place.
 G = Mean time per level.
                   A        B        C        D        E       F      G
               +--------+--------+--------+--------+--------+-----+--------+
         Total |   1022 |   1022 |      0 |      0 |    400 |   2 |  511.0 |
       Dungeon |   1022 |   1022 |      0 |      0 |    400 |   2 |  511.0 |
               +--------+--------+--------+--------+--------+-----+--------+

Top non-repeatable levels by time:
     D:1: 572 daAuts
     D:2: 449 daAuts
